 Dungeon Crawl Stone Soup version 0.29-a0-474-gdfe5cd140f (webtiles) character file.

Game seed: 11920119808949160758

137 Infinimo the Cudgeller (level 5, -1/40 HPs)
             Began as a Demonspawn Gladiator on May 24, 2022.
             Slain by an orc wizard
             ... wielding a +0 dagger
              (3 damage)
             ... on level 3 of the Dungeon.
             The game lasted 00:03:28 (2828 turns).

Infinimo the Cudgeller (Demonspawn Gladiator)       Turns: 2828, Time: 00:03:28

Health: -1/40      AC:  6    Str: 14    XL:     5   Next: 0%
Magic:  7/7        EV: 12    Int: 12    God:
Gold:   70         SH:  0    Dex: 14    Spells: 7/7 levels left

rFire   . . .      SeeInvis .   a - +0 flail
rCold   . . .      Faith    .   (no shield)
rNeg    . . .      Spirit   .   b - +0 leather armour
rPois   .          Reflect  .   c - +0 helmet
rElec   .          Harm     .   k - +0 cloak
rCorr   .          Rampage  .   (no gloves)
Will    .....                   (no boots)
Stlth   +.........              (no amulet)
HPRegen 0.13/turn               (no ring)
MPRegen 0.10/turn               (no ring)

@: no status effects
A: ignite blood 1, powered by pain 1, sharp scales 1
a: no special abilities


You were on level 3 of the Dungeon.
You visited 1 branch of the dungeon, and saw 3 of its levels.

You collected 70 gold pieces.

Inventory:

Hand Weapons
 a - a +0 flail (weapon)
Missiles
 d - 3 throwing nets (quivered)
 e - a javelin
Armour
 b - a +0 leather armour (worn)
 c - a +0 helmet (worn)
 k - a +0 cloak (worn)
Wands
 o - a wand of mindburst (23)
Scrolls
 f - 2 scrolls of identify {unknown}
 g - 2 scrolls of teleportation {unknown}
 h - a scroll of brand weapon {unknown}
 i - a scroll of vulnerability {unknown}
 j - 2 scrolls of blinking {unknown}
 n - a scroll of fog {unknown}
Potions
 l - a potion of haste
 m - a potion of magic


   Skills:
 + Level 2.8 Fighting
 * Level 3.9 Maces & Flails
 - Level 1.7 Throwing
 + Level 3.3 Dodging
 + Level 1.6 Spellcasting


You had 7 spell levels left.
You didn't know any spells.
Your spell library was empty.

Dungeon Overview and Level Annotations

Branches:
Dungeon (3/15)

Altars:


Innate Abilities, Weirdness & Mutations

Your demonic aura sometimes causes spilled blood to erupt in flames.
You sometimes gain a little power by taking damage.
You are partially covered in razor-sharp scales. (AC +1, Slay +1)


Message History

You hear the quick rusting of a drain nearby.
An orc wizard is nearby!
The orc wizard points at you and mumbles some strange words.
The puff of flame hits you.
The orc wizard points at you and mumbles some strange words.
The magic dart hits you!
The orc wizard gestures wildly while chanting.
The orc wizard flickers and vanishes!
Deactivating autopickup; reactivate with Ctrl-A.
Something hits you. Something completely misses you.
The orc is lightly wounded.
You hear some strange, mumbled words.
A puff of flame appears from out of thin air!
The puff of flame hits you. The orc hits you with a +0 dagger.
You hear some strange, mumbled words.
You are confused.
You sock the orc!
You kill the orc!
You have reached level 5!
Your demonic ancestry asserts itself...
Your blood heats up.
You bump into the rock wall.
Something hits you.
* * * LOW HITPOINT WARNING * * *
Things that are here:
a +0 dagger; a +0 ring mail; an orc corpse Something hits you.
* * * LOW HITPOINT WARNING * * *
Something hits you.
* * * LOW HITPOINT WARNING * * *
Okay, then.
You're too confused to move!
You feel less confused. Something hits you.
* * * LOW HITPOINT WARNING * * *
You hit something. Something hits you.
* * * LOW HITPOINT WARNING * * *
Something hits you.
You die...

.....###..........#
...#.##.......#####
.........#.).##
.######.###.## .#
##...##.##### #
............#
.#...##.###.#
#.##.###.###.###########
.............@.......o..
#.##.###.###.){#########
#.###.# #...########
#.....# #...........
.######.###.#.########
........##....#
...........#..#
.#########...## ...##


There were no monsters in sight!

Vanquished Creatures
  Terence (D:2)
  4 adders (D:2)
  A gnoll (D:1)
  A worm (D:3)
  3 dart slugs
  An orc (D:3)
  2 bats
  4 endoplasms
  3 giant cockroaches (D:2)
  7 goblins
  2 hobgoblins
  4 jackals (D:1)
  2 quokkas
  9 ball pythons
  2 frilled lizards
  5 kobolds
  5 rats
56 creatures vanquished.

Notes
Turn   | Place    | Note
-------+----------+-------------------------------------------
     0 | D:1      | Infinimo the Demonspawn Gladiator began the quest for the
                  | Orb.
     0 | D:1      | Reached XP level 1. HP: 16/16 MP: 1/1
   359 | D:1      | Gained mutation: You are partially covered in razor-sharp
                  | scales. (AC +1, Slay +1) [demonic ancestry]
   359 | D:1      | Reached XP level 2. HP: 1/22 MP: 2/2
   837 | D:1      | Reached XP level 3. HP: 27/28 MP: 4/4
  1241 | D:2      | Reached skill level 1 in Spellcasting
  1341 | D:2      | Found a faded altar of an unknown god.
  1616 | D:2      | Noticed Terence
  1630 | D:2      | Gained mutation: You sometimes gain a little power by
                  | taking damage. [demonic ancestry]
  1630 | D:2      | Reached XP level 4. HP: 34/34 MP: 5/5
  1638 | D:2      | Killed Terence
  2819 | D:3      | Gained mutation: Your demonic aura sometimes causes spilled
                  | blood to erupt in flames. [demonic ancestry]
  2819 | D:3      | Reached XP level 5. HP: 13/40 MP: 7/7
  2827 | D:3      | HP: 2/40 [something (4)]
  2828 | D:3      | Slain by an orc wizard

Illustrated notes

Levels and vault maps discovered:
D:1:      amcnicky_arrival_single_pillar, layout_rooms
D:2:      layout_rooms, hellmonk_ecumenical_altar_zigzags, uniq_terence
D:3:      layout_loops_ring, okawaru_trees_1, gup_sewer_entry_bowl

Skill      XL: |  1  2  3 |
---------------+----------+-----
Maces & Flails | 3 |  3.9
Dodging        | 3 |  3.3
Spellcasting   | 1 |  1.6
Fighting       | |  2.8
Throwing       | |  1.7

Action                   |  1- 3 |  4- 6 || total
-------------------------+-------+-------++-------
Melee: Flail             |   110 |    72 ||   182
  Use: Potion            |       |     3 ||     3
 Stab: Sleeping          |       |     2 ||     2
Armor: Leather armour    |    41 |    22 ||    63
Dodge: Dodged            |    91 |    46 ||   137

Table legend: (Time is in decaauts)
 A = Elapsed time spent in this place.
 B = Non-inter-level travel time spent in this place.
 C = Inter-level travel time spent in this place.
 D = Time resting spent in this place.
 E = Time spent auto-exploring this place.
 F = Levels seen in this place.
 G = Mean time per level.
                   A        B        C        D        E       F      G
               +--------+--------+--------+--------+--------+-----+--------+
         Total |   2848 |   2728 |    120 |      7 |   2284 |   3 |  949.3 |
       Dungeon |   2848 |   2728 |    120 |      7 |   2284 |   3 |  949.3 |
               +--------+--------+--------+--------+--------+-----+--------+

Top non-repeatable levels by time:
     D:1: 1213 daAuts
     D:2: 1105 daAuts
     D:3: 530 daAuts
